 Dungeon Crawl Stone Soup version bcrawl-1.21.3 (webtiles) character file.

Game seed: 7607605534586256655

4111 Flugslaktarn the Cleaver (level 10, -1/60 HPs)
             Began as a Skeleton Archaeologist on Mar 30, 2020.
             Was an Initiate of Gozag.
             Killed by divine providence
             ... invoked by an orc priest
              (12 damage)
             ... on level 7 of the Dungeon.
             The game lasted 00:04:54 (7819 turns).

Flugslaktarn the Cleaver (Skeleton Archaeologist)   Turns: 7819, Time: 00:04:55

Health: -1/60      AC: 21    Str: 27    XL:     10   Next: 6%
Magic:  0/12       EV:  9    Int: 13    God:    Gozag
Gold:   905        SH: 11    Dex:  9    Spells: 9/9 levels left

rFire    . . .     SeeInvis .   f - +1 broad axe (venom)
rCold    + + .     Gourm    .   j - +1 medium shield {rC+}
rNeg     + + +     Faith    .   g - +6 chain mail "Wiedwo" {rN+ Str+6 Dex+2 Stlth-}
rPois    ∞         Spirit   +   c - +1 hat
rElec    .         Reflect  .   b - +0 cloak
rCorr    +         Harm     .   a - +0 pair of gloves
MR       +....                  d - +2 pair of boots
Stlth    ..........             (no amulet)
HPRegen  0.20/turn              (no ring)
MPRegen  0.13/turn              k - ring of resist corrosion

@: gold aura
A: no food or potions, cold resistance 1, deterioration 1, negative energy
resistance 3, powered by death 1, torment resistance, unbreathing, magic shield,
sturdy frame 2, spell healing
a: Potion Petition, Call Merchant, Bribe Branch, Renounce Religion


You were on level 7 of the Dungeon.
You worshipped Gozag.
Gozag was pleased with you.
You were not hungry.

You visited 2 branches of the dungeon, and saw 8 of its levels.

You collected 2034 gold pieces.
You spent 374 gold pieces at shops.
You paid 755 gold pieces to Gozag.

Inventory:

Hand Weapons
 f - a +1 broad axe of venom (weapon)
   (You acquired it on level 3 of the Dungeon)
 i - a +3 dagger
   (You took it off a goblin on level 1 of the Dungeon)
 n - a +0 war axe
   (You took it off a gnoll on level 2 of the Dungeon)
Armour
 a - a +0 pair of gloves (worn)
   (You found it on level 6 of the Dungeon)
 b - a +0 cloak (worn)
   (You took it off Crazy Yiuf on level 6 of the Dungeon)
 c - a +1 hat (worn)
 d - a +2 pair of boots (worn)
 g - the +6 chain mail "Wiedwo" (worn) {rN+ Str+6 Dex+2 Stlth-}
   (You bought it in a shop on level 5 of the Dungeon)

   It affects your strength (+6).
   It affects your dexterity (+2).
   It protects you from negative energy.
   It makes you less stealthy.
 j - a +1 medium shield of cold resistance (worn)
   (You bought it in a shop on level 5 of the Dungeon)
Jewellery
 k - a ring of resist corrosion (right hand)
   (You found it on level 3 of the Dungeon)
Scrolls
 e - 2 scrolls of magic mapping
 h - 2 scrolls of fear
 m - a scroll of fog
 r - 7 scrolls of identify
 t - 3 scrolls of teleportation
 x - 4 scrolls of remove curse


   Skills:
 * Level 6.3 Fighting
 + Level 13.2 Axes
   Level 1.2(8.8) Maces & Flails
 + Level 3.8 Armour
 - Level 3.0 Dodging
 - Level 3.6 Stealth
 + Level 4.2 Shields
 + Level 2.7 Evocations


You had 9 spell levels left.
You didn't know any spells.
Your spell library was empty.

Dungeon Overview and Level Annotations

Branches:
Dungeon (7/12)             Temple (1/1) D:4
   Lair: D:7-9

Altars:
Ashenzari
Cheibriados
Elyvilon
Gozag
Kikubaaqudgha
Lugonu
Nemelex Xobeh
Okawaru
Qazlal
Ru
Sif Muna
Trog
Uskayaw
Vehumet
Xom
Yredelemnul
Zin

Shops:
D:3 *   D:5 [

Annotations:
D:4 3 runed translucent doors, Quickbrownfox's ghost, amateur FoAc; yrara's ghost, amateur DsFi; yrara's ghost, novice DsFi


Innate Abilities, Weirdness & Mutations

You do not eat or drink.
You are immune to poison.
Your flesh is cold resistant. (rC+)
Your body sometimes deteriorates upon taking damage.
You are immune to negative energy. (rN+++)
You regenerate a little health from kills.
You are immune to unholy pain and torment.
You can survive without breathing.
When hurt, damage is shared between your health and your magic reserves.
Your movements are less encumbered by armour. (ER -4)
Casting spells heals you.


Message History

The slave hits you but does no damage. Pikel closely misses you.
The slave shouts!
Unknown command.
The orc shouts!
You kill the slave!
That felt strangely unrewarding.
The orc priest becomes distracted by the nearby gold, dreaming of imaginary riches.
The orc priest shouts!
The +0 dagger is no longer distracted by gold.
Found 305 sling bullets.
The orc priest is no longer distracted by gold.
You kill Pikel!
Your Shields skill increases to level 4!
You have reached level 10!
You feel less encumbered by your armour.
There is a stone staircase leading up here.
The orc priest mumbles some strange prayers to Beogh against you.
Beogh smites you!
You die...
Your body crumbles into a pile of gold.

##...###......##.# ##..........#
#.... ##o.......####...........#
.......#..o.......#.............#
####(............##............<#
#...#.#..Y.....#........#.....
#...#.##.......))..<.##.#.....
### ###.......)......##.......
≈...#................##...#
..#.......@......##..#..#.# P.
##.............#.....#### .
P..#.#..............##
P..≈#.##...........### $ P...#.
#..#....#....# .# ..
#..##..##....# ........#...###
............# .........#


You could see a yak, an orc priest and an orc.

Vanquished Creatures
  Pikel (D:7)
  2 trolls
  5 yaks (D:7)
  Menkaure (D:6)
  Edmund (D:6)
  2 orc warriors (D:6)
  An ice beast (D:5)
  2 sky beasts
  4 slaves (D:7)
  2 ogres
  4 centaurs
  A necrophage (D:5)
  2 big kobolds
  2 scorpions
  A howler monkey (D:2)
  3 wights (D:7)
  3 crimson imps
  A hound (D:5)
  3 orc priests (D:4)
  3 orc wizards
  Crazy Yiuf (D:6)
  2 centaur skeletons
  5 worker ants
  3 iguanas
  A worker ant zombie (D:7)
  10 adders
  4 gnolls (D:2)
  A howler monkey skeleton (D:4)
  A shadow imp (D:4)
  An adder skeleton (D:5)
  3 worms
  4 dart slugs
  5 leopard geckos
  15 orcs
  4 giant cockroaches (D:1)
  4 goblins
  9 hobgoblins
  6 jackals
  11 kobolds
  5 quokkas
  3 ball pythons
  3 bats (D:1)
  5 frilled lizards
  A jackal skeleton (D:7)
  A quokka skeleton (D:5)
  6 rats
158 creatures vanquished.

Vanquished Creatures (others)
  2 withered plants (D:4)
2 creatures vanquished.

Grand Total: 160 creatures vanquished

Notes
Turn   | Place    | Note
-------+----------+-------------------------------------------
     0 | D:1      | Flugslaktarn the Skeleton Archaeologist began the quest for
                  | the Orb.
     0 | D:1      | Reached XP level 1. HP: 12/12 MP: 1/1
   256 | D:1      | Reached XP level 2. HP: 17/17 MP: 2/2
   899 | D:1      | Reached XP level 3. HP: 23/23 MP: 3/3
  1061 | D:2      | Found a corrupted altar of Lugonu.
  1495 | D:2      | Reached skill level 2 in Axes
  1495 | D:2      | Reached XP level 4. HP: 24/28 MP: 2/4
  1568 | D:2      | Reached skill level 3 in Axes
  1822 | D:2      | Found a shimmering altar of Xom.
  2382 | D:3      | Found a snail-covered altar of Cheibriados.
  2410 | D:2      | Found a shimmering altar of Xom.
  2442 | D:2      | Reached skill level 4 in Axes
  2697 | D:3      | Reached XP level 5. HP: 24/32 MP: 2/5
  2697 | D:3      | Identified a scroll of acquirement
  2715 | D:3      | Identified the ring of Charity {rElec rPois rC+ Int-3} (You
                  | acquired it on level 3 of the Dungeon)
  3118 | D:3      | Reached skill level 5 in Axes
  3235 | D:3      | Found Zin's Purification Station.
  3240 | D:3      | Found a glowing silver altar of Zin.
  3875 | D:3      | Found a white marble altar of Elyvilon.
  3934 | D:4      | Found a staircase to the Ecumenical Temple.
  3989 | D:4      | Reached skill level 6 in Axes
  3991 | D:4      | Gained mutation: You regenerate a little health from kills.
                  | [Skeleton growth]
  3991 | D:4      | Reached XP level 6. HP: 31/37 MP: 4/6
  4262 | D:4      | Reached skill level 7 in Axes
  4431 | D:4      | Reached XP level 7. HP: 40/41 MP: 7/7
  4433 | D:4      | Reached skill level 8 in Axes
  4690 | Temple   | Entered the Ecumenical Temple
  4740 | Temple   | Became a worshipper of Gozag Ym Sagoz the Greedy
  4847 | D:4      | Found a runed translucent gate.
  4847 | D:4      | Found a runed translucent gate.
  4847 | D:4      | Found a runed translucent gate.
  4847 | D:4      | Noticed yrara's ghost (amateur DsFi)
  4847 | D:4      | Noticed yrara's ghost (novice DsFi)
  4848 | D:4      | Noticed Quickbrownfox's ghost (amateur FoAc)
  4882 | D:4      | Reached skill level 9 in Axes
  5078 | D:4      | Noticed yrara's ghost (amateur DsFi)
  5135 | D:5      | Entered Level 5 of the Dungeon
  5284 | D:5      | Reached skill level 10 in Axes
  5394 | D:5      | Reached XP level 8. HP: 34/46 MP: 5/8
  5589 | D:5      | Found a radiant altar of Vehumet.
  6092 | D:5      | Reached skill level 11 in Axes
  6225 | D:6      | Noticed Menkaure
  6452 | D:6      | Killed Menkaure
  6480 | D:6      | Reached skill level 12 in Axes
  6775 | D:5      | Identified the ring of Hioforod {+Inv +Fly rF- MR+ Str+3}
                  | (You acquired it on level 5 of the Dungeon)
  6902 | D:5      | Bought a crude chain mail for 209 gold pieces
  6902 | D:5      | Bought a glowing medium shield for 165 gold pieces
  6917 | D:5      | Identified the +6 chain mail "Wiedwo" {rN+ Str+6 Dex+2
                  | Stlth-} (You bought it in a shop on level 5 of the Dungeon)
  7039 | D:6      | Reached skill level 1 in Armour
  7039 | D:6      | Reached skill level 1 in Shields
  7084 | D:6      | Reached XP level 9. HP: 47/51 MP: 9/9
  7131 | D:6      | Noticed Edmund
  7141 | D:6      | Killed Edmund
  7320 | D:6      | Found a runed door.
  7405 | D:6      | Noticed a troll
  7409 | D:6      | Killed a troll
  7547 | D:6      | Noticed Crazy Yiuf
  7551 | D:6      | Killed Crazy Yiuf
  7595 | D:7      | Reached skill level 1 in Evocations
  7642 | D:7      | Found a shimmering blue altar of Sif Muna.
  7662 | D:7      | Noticed a troll
  7669 | D:7      | Killed a troll
  7669 | D:7      | Reached skill level 5 in Fighting
  7754 | D:7      | Found a hide-covered altar of Uskayaw.
  7759 | D:7      | Noticed a +0 hand axe
  7767 | D:7      | Noticed a +0 dagger
  7787 | D:7      | Noticed Pikel
  7791 | D:7      | Reached skill level 13 in Axes
  7814 | D:7      | Killed Pikel
  7814 | D:7      | Gained mutation: Your movements are less encumbered by
                  | armour. (ER -4) [Skeleton growth]
  7814 | D:7      | Reached XP level 10. HP: 9/60 MP: 2/12
  7819 | D:7      | Killed from afar by an orc priest

Skill      XL: |  1  2  3  4  5  6  7  8  9 |
---------------+----------------------------+-----
Fighting       | 2 3 6 |  6.3
Axes           | 2 4 6 7 10 12 13 | 13.2
Armour         | 1 3 |  3.8
Shields        | 1 4 |  4.2
Evocations     | 2 |  2.7
Maces & Flails | |  1.2
Dodging        | |  3.0
Stealth        | |  3.6

Action                   |  1- 3 |  4- 6 |  7- 9 | 10-12 || total
-------------------------+-------+-------+-------+-------++-------
Melee: Whip              |   109 |       |       |       ||   109
       Dagger            |    51 |    68 |       |       ||   119
       War axe           |       |    29 |       |       ||    29
       Broad axe         |       |   117 |   234 |       ||   351
Invok: Call Merchant     |       |       |     1 |       ||     1
  Use: Scroll            |       |     1 |     7 |       ||     8
 Stab: Sleeping          |     5 |     1 |       |       ||     6
Armor: Robe              |    61 |    44 |       |       ||   105
       Scale mail        |       |    11 |    65 |       ||    76
       Chain mail        |       |       |    49 |       ||    49
Dodge: Dodged            |    83 |   133 |   106 |       ||   322
Block: Medium shield     |       |       |    53 |       ||    53
